 Dungeon Crawl Stone Soup version 0.29.1-13-g9f3cf754e1 (webtiles) character file.

Game seed: 3243809721672942374

137 Chiseanne the Covered (level 5, 38/39 HPs)
             Began as a Demonspawn Wanderer on Jan 30, 2023.
             Quit the game on level 3 of the Dungeon.
             The game lasted 00:08:06 (2684 turns).

Chiseanne the Covered (Demonspawn Wanderer)         Turns: 2684, Time: 00:08:06

Health: 38/39      AC: 11    Str: 14    XL:     5   Next: 0%
Magic:  5/5        EV: 10    Int: 12    God:
Gold:   72         SH:  5    Dex: 14    Spells: 4/4 levels left

rFire   . . .      SeeInvis .   a - +3 quarterstaff (drain)
rCold   . . .      Faith    .   (shield currently unavailable)
rNeg    . . .      Spirit   .   c - +1 scale mail
rPois   .          Reflect  +   (helmet restricted)
rElec   .          Harm     .   j - scarf {shadows}
rCorr   .          Rampage  .   (no gloves)
Will    .....                   (no boots)
Stlth   ..........              k - amulet of reflection
HPRegen 0.13/turn               o - ring of wizardry
MPRegen 0.09/turn               (no ring)

@: no status effects
A: antennae 1, icy blue scales 2
a: no special abilities


You were on level 3 of the Dungeon.
You visited 1 branch of the dungeon, and saw 3 of its levels.

You collected 72 gold pieces.

Inventory:

Hand Weapons
 a - a +3 quarterstaff of draining (weapon)
Missiles
 g - 20 stones (quivered)
 h - 9 poisoned darts
 n - a throwing net
Armour
 b - an orb of energy
 c - a +1 scale mail (worn)
 j - a scarf of shadows (worn)
Jewellery
 i - a ring of fire
 k - an amulet of reflection (around neck)
 o - a ring of wizardry (left hand)
Scrolls
 f - 4 scrolls of identify
 p - a scroll of enchant weapon
Potions
 d - a potion of attraction
 e - a potion of ambrosia {unknown}
 l - a potion of magic
 m - 2 potions of heal wounds
 r - a potion of haste {unknown}
 s - 2 potions of curing {unknown}
 t - a potion of mutation {unknown}


   Skills:
 * Level 2.5 Fighting
 - Level 1.0(2.4) Polearms
 - Level 3.6(3.7) Staves
 * Level 4.4 Armour
 * Level 2.2 Dodging
 - Level 1.0 Stealth


You had 4 spell levels left.
You didn't know any spells.
Your spell library contained the following spells:

 Spells                   Type           Power      Damage    Failure   Level
 Magic Dart               Conj           0%         1d3       45%         1
 Searing Ray              Conj           0%         2d4       58%         2
 Animate Dead             Necr           0%         N/A       99%         4
 Fulminant Prism          Conj/Hex       0%         3d6       99%         4
 Borgnjor's Vile Clutch   Necr/Erth      0%         N/A       100%        5
 Death Channel            Necr           0%         N/A       100%        6


Dungeon Overview and Level Annotations

Branches:
Dungeon (3/15)

Altars:
Cheibriados
Fedhas
Kikubaaqudgha

Shops:
D:1 ?


Innate Abilities, Weirdness & Mutations

You have a pair of small antennae on your head.
You are mostly covered in icy blue scales. (AC +3)


Message History

You add the spells Magic Dart, Searing Ray and Fulminant Prism to your library.
u - a scroll labelled JEMOROS XESTA An endoplasm comes into view.
Found 17 gold pieces.
The endoplasm freezes you.
You are frozen.
You thump the endoplasm!
You kill the endoplasm!
You now have 72 gold pieces (gained 17).
As you read the scroll labelled YSTRE EWILY, it crumbles to dust.
You feel aware of your surroundings.
You sensed 1 altar.
It was a scroll of magic mapping.
As you read the scroll labelled JEMOROS XESTA, it crumbles to dust.
It is a scroll of brand weapon.
Your +3 quarterstaff craves living souls!
a - a +3 quarterstaff of draining (weapon)
Options error: Bad object type '%' for autopickup. (~/.crawlrc:79) Welcome back, Chiseanne the Demonspawn Wanderer.
Press ? for a list of commands and other information.
An orc comes into view. It is wielding a +0 hand axe.
The orc shouts!
You hear a shout!
An orc comes into view. It is wielding a +0 morningstar.
You closely miss the orc. The orc hits you with a +0 hand axe.
An orc comes into view. It is wielding a +0 club.
You sock the orc!
You kill the orc!
You block the orc's attack.
You sock the orc!
You kill the orc!
You closely miss the orc. The orc barely misses you.
You barely miss the orc. The orc barely misses you.
You hit the orc.
The orc is almost dead.
The orc hits you but does no damage.
You sock the orc!
You kill the orc!
You have reached level 5!
Your demonic ancestry asserts itself...
A pair of antennae grows on your head!
Are you sure you want to abandon this character and quit the game? (Confirm with "yes".)

,***####.....#####.....#
** #####.......##.## #
#..###.###.#
#############.....[†..#
⌠#........###.##..#####
##.######.##..##..# ##.#
#......#..# ##.#
####.#....# #.#
##.###@## #.# #..# #)#
#.# #.## #.#** #.# #.#
#..,* #.#### #.# ###,*
#....# ##.# *,,* ####.##
#..# *,,* *****
#..###.## *,,* *,,,*
##..##.# *,,* *,,,*


There were no monsters in sight!

Vanquished Creatures
  An orc wizard (D:3)
  6 adders
  2 dart slugs (D:1)
  3 orcs (D:3)
  6 ball pythons
  5 endoplasms
  A giant cockroach (D:2)
  2 goblins
  5 hobgoblins
  3 jackals (D:1)
  5 kobolds
  3 quokkas
  2 bats (D:2)
  2 frilled lizards
  3 rats
49 creatures vanquished.

Notes
Turn   | Place    | Note
-------+----------+-------------------------------------------
     0 | D:1      | Chiseanne the Demonspawn Wanderer began the quest for the
                  | Orb.
     0 | D:1      | Chiseanne set off with the following items: a +2
                  | quarterstaff, a +0 spear, a +0 scale mail, a potion of
                  | attraction.
     0 | D:1      | Reached XP level 1. HP: 13/13 MP: 1/1
   310 | D:1      | Found Pehar's Magic Scroll Shop.
   616 | D:1      | Gained mutation: You are partially covered in icy blue
                  | scales. (AC +2) [demonic ancestry]
   616 | D:1      | Reached XP level 2. HP: 16/20 MP: 2/2
   626 | D:1      | Reached skill level 1 in Fighting
   972 | D:1      | Reached skill level 1 in Dodging
  1189 | D:2      | Reached XP level 3. HP: 16/26 MP: 3/3
  1338 | D:2      | Reached skill level 4 in Armour
  1487 | D:2      | Found a snail-covered altar of Cheibriados.
  1607 | D:2      | Found a faded altar of an unknown god.
  1870 | D:2      | Gained mutation: You are mostly covered in icy blue scales.
                  | (AC +3) [demonic ancestry]
  1870 | D:2      | Reached XP level 4. HP: 33/33 MP: 4/4
  2297 | D:3      | Found an ancient bone altar of Kikubaaqudgha.
  2298 | D:3      | Found a blossoming altar of Fedhas.
  2684 | D:3      | Gained mutation: You have a pair of small antennae on your
                  | head. [demonic ancestry]
  2684 | D:3      | Reached XP level 5. HP: 38/39 MP: 5/5
  2684 | D:3      | Quit the game

Illustrated notes

Levels and vault maps discovered:
D:1:      erik_arrival_blinker_ship, layout_loops_corners, serial_shops, shop,
          hex_large, chequers_decorated_corner
D:2:      layout_basic, basic_altar, serial_co_window_serial,
          co_window_corner_a, co_window_paths_b, co_window_of_opportunity_a,
          co_window_paths_a, co_window_corner_a, co_window_corner_ca,
          co_window_of_opportunity_b, co_window_cross_3,
          co_window_unsneaky_path_b, co_window_corner_ca,
          co_window_of_opportunity_b, co_window_of_opportunity_b,
          glass_columns_b, glass_columns_a, glass_columns_a, glass_columns_b,
          glass_columns_b, basic_ecumenical_altar
D:3:      layout_rooms, grunt_temple_overflow_growth_and_decay,
          mainiacjoe_overflow_surrounded_room, grunt_ministairs_8,
          uniq_crazy_yiuf_cottage

Skill      XL: |  1  2  3  4 |
---------------+-------------+-----
Fighting       | 1 2 |  2.5
Dodging        | 1 2 |  2.2
Armour         | 4 |  4.4
Polearms       | |  1.0
Staves         | |  3.6
Stealth        | |  1.0

Action                   |  1- 3 |  4- 6 || total
-------------------------+-------+-------++-------
Melee: Quarterstaff      |    82 |    51 ||   133
  Use: Scroll            |     3 |     7 ||    10
Armor: Scale mail        |    31 |    20 ||    51
Dodge: Dodged            |    36 |    14 ||    50
Block: Other             |    15 |    10 ||    25
       Reflection        |     1 |       ||     1
